 Dungeon Crawl Stone Soup version 0.21.1-1-g345015f (webtiles) character file.

53 Lilu the Magician (level 3, -1/20 HPs)
             Began as a Deep Elf Wizard on July 22, 2018.
             Slain by a worm (2 damage)
             ... on level 2 of the Dungeon.
             The game lasted 00:13:51 (1938 turns).

Lilu the Magician (Deep Elf Wizard)                 Turns: 1938, Time: 00:13:52

Health: -1/20      AC: 13    Str:  4    XL:     3   Next: 64%
Magic:  1/11       EV:  9    Int: 23    God:
Gold:   122        SH:  0    Dex: 13    Spells: 11/12 levels left

rFire    . . .     SeeInvis .   o - +0 dagger (protect)
rCold    . . .     Gourm    .   (no shield)
rNeg     . . .     Faith    .   h - +0 ring mail
rPois    .         Spirit   .   b - +0 hat
rElec    .         Reflect  .   f - +0 cloak
rCorr    .         Harm     .   (no gloves)
MR       .....                  (no boots)
Stlth    +.........             (no amulet)
HPRegen  0.06/turn              (no ring)
MPRegen  0.12/turn              (no ring)

@: protection aura, very slightly contaminated
A: no striking features
a: no special abilities


You were on level 2 of the Dungeon.
You were not hungry.

You visited 1 branch of the dungeon, and saw 2 of its levels.

You collected 122 gold pieces.

Inventory:

Hand Weapons
 j - a cursed -3 war axe
 l - a +0 club
 o - a +0 dagger of protection (weapon)
Missiles
 k - 111 stones (quivered)
Armour
 a - a +0 robe
 b - a +0 hat (worn)
 f - a +0 cloak (worn)
 h - a +0 ring mail (worn)
Scrolls
 e - a scroll of fog {unknown}
 g - 3 scrolls of identify {unknown}
 i - 2 scrolls of enchant weapon {unknown}
 m - a scroll of remove curse {unknown}
 n - a scroll of enchant armour {unknown}
 p - a scroll of random uselessness {unknown}
Books
 c - a book of Minor Magic

   Spells                             Type                      Level
   a - Magic Dart                     Conjuration                  1
   b - Blink                          Translocation                2
   c - Call Imp                       Summoning                    2
   d - Slow                           Hexes                        2
   e - Conjure Flame                  Conjuration/Fire             3
   f - Mephitic Cloud                 Conjuration/Poison/Air       3
Comestibles
 d - 6 rations


   Skills:
 * Level 0.5 Fighting
 * Level 0.9 Armour
 + Level 2.6 Dodging
 - Level 2.4 Stealth
 - Level 5.2 Spellcasting
 * Level 2.3 Conjurations
   Level 1.1 Summonings
   Level 1.1 Translocations


You had 11 spell levels left.
You knew the following spells:

 Your Spells              Type           Power        Failure   Level  Hunger
a - Magic Dart            Conj           ###.         22%         1    None


Dungeon Overview and Level Annotations

Branches:
Dungeon (2/15)

Altars:
Qazlal


Message History

The worm is severely wounded.
The worm bites you but does no damage.
You barely miss the worm.
The worm is heavily wounded.
The worm completely misses you.
You hit the worm but do no damage.
The worm is heavily wounded.
You barely miss the worm.
The worm is heavily wounded.
The worm closely misses you.
You hit the worm but do no damage.
The worm is heavily wounded.
You hit the worm but do no damage.
The worm is heavily wounded.
The worm bites you.
* * * LOW HITPOINT WARNING * * *
You hit the worm but do no damage.
The worm is moderately wounded.
The worm bites you.
You die...

##
##........##
#
##..######..#
#..## ##.#
#####.## #.#
......# #.#
####..# #.##
###...# #..#
.....## ##.#
.#..## ##@##
#.## #.w.#
##)### #...#
..<..# ##...#
##.#.# #...##
#.### ##...#
#.# #...##
..# ##^..#
.## ##...##


You could see a worm.

Vanquished Creatures
  3 adders (D:2)
  A dart slug (D:1)
  A leopard gecko (D:1)
  2 giant cockroaches
  4 goblins (D:1)
  3 hobgoblins
  4 kobolds
  A ball python (D:2)
  2 bats (D:1)
  A frilled lizard (D:1)
  4 rats
26 creatures vanquished.

Notes
Turn   | Place    | Note
-------+----------+-------------------------------------------
     0 | D:1      | Lilu the Deep Elf Wizard began the quest for the Orb.
     0 | D:1      | Reached XP level 1. HP: 10/10 MP: 7/7
   349 | D:1      | Reached skill level 5 in Spellcasting
   349 | D:1      | Reached XP level 2. HP: 15/15 MP: 7/10
  1312 | D:2      | Reached XP level 3. HP: 16/19 MP: 8/11
  1589 | D:2      | Found a stormy altar of Qazlal.
  1937 | D:2      | HP: 1/20 [worm (4)]
  1938 | D:2      | Slain by a worm

Skill      XL: |  1  2 |
---------------+-------+-----
Spellcasting   | 5 |  5.2
Conjurations   | 2 |  2.3
Fighting       | |  0.5
Armour         | |  0.9
Dodging        | |  2.6
Stealth        | |  2.4
Summonings     | |  1.1
Translocations | |  1.1

Action                   || total
-------------------------++-------
Melee: Club              ||    18
       Dagger            ||    38
       Unarmed           ||     1
 Cast: Magic Dart        ||    55
  Eat: Chunk             ||     3
Armor: Ring mail         ||    43
Dodge: Dodged            ||    43
